 Dungeon Sprint DCSS version 0.22.0-36-g8e74550 (webtiles) character file.

18088 Lyco the Blocker (level 12, -2/105 HPs)
             Began as a Gnoll Fighter on Aug 24, 2018.
             Was the Champion of Cheibriados.
             Slain by a vampire knight
             ... wielding a +0 war axe
              (16 damage)
             ... in the Dungeon (Sprint IX: "|||||||||||||||||||||||||||||").
             The game lasted 00:25:30 (2787 turns).

Lyco the Blocker (Gnoll Fighter)                    Turns: 2787, Time: 00:25:30

Health: -2/105     AC: 24    Str: 37    XL:     12   Next: 54%
Magic:  25/27      EV: 24    Int: 29    God:    Cheibriados [******]
Gold:   984        SH:  0    Dex: 33    Spells: 34/34 levels left

rFire    + + .     SeeInvis +   a - +3 dire flail
rCold    . . .     Gourm    .   (shield currently unavailable)
rNeg     . . .     Faith    .   K - +1 fire dragon scales
rPois    .         Spirit   .   z - +3 crown of Dyrovepreva {rElec Int+2 SInv}
rElec    +         Reflect  .   x - +0 cloak
rCorr    .         Harm     .   u - +0 pair of gloves
MR       .....     NoTele   +   J - +1 pair of boots
Stlth    ++++......             (no amulet)
HPRegen  0.27/turn              q - +3 ring of dexterity
MPRegen  0.20/turn              r - +2 ring of protection

@: slowed, very slow
A: distributed training, fangs 1, hooves 1, see invisible, cold resistance 1,
strong nose
a: Bend Time, Temporal Distortion, Slouch, Step From Time, Renounce Religion


You were in the Dungeon.
You worshipped Cheibriados.
Cheibriados was exalted by your worship.
You were hungry.

You visited 1 branch You collected 1618 gold pieces.
You spent 634 gold pieces at shops.

Inventory:

Hand Weapons
 a - a +3 dire flail (weapon)
 b - a +2 arbalest of flaming
 t - a +4 morningstar of protection
 N - a +0 triple crossbow
Missiles
 C - 6 javelins (quivered)
Armour
 c - a +2 shield
 s - a +2 ring mail
 u - a +0 pair of gloves (worn)
 w - a +0 helmet
 x - a +0 cloak (worn)
 y - a +0 plate armour
 z - the +3 crown of Dyrovepreva (worn) {rElec Int+2 SInv}
   (You bought it in a shop in the Dungeon)

   It affects your intelligence (+2).
   It insulates you from electricity.
   It lets you see invisible.
 D - a +2 plate armour of magic resistance
 J - a +1 pair of boots (worn)
 K - +1 fire dragon scales (worn)
Jewellery
 q - a +3 ring of dexterity (left hand)
 r - a +2 ring of protection (right hand)
 E - an uncursed ring of ice
 F - an uncursed ring of fire
 G - an uncursed ring of protection from fire
 H - an uncursed ring of resist corrosion
Wands
 p - a wand of iceblast (10)
Scrolls
 k - 4 scrolls of blinking
 l - 2 scrolls of identify
 n - 4 scrolls of remove curse
 o - 2 scrolls of amnesia
 v - a scroll of fear
 L - 2 scrolls of fog
 M - 2 scrolls of enchant armour
Potions
 d - a potion of might
 e - a potion of invisibility
 h - a potion of haste
 i - 4 potions of magic
 j - 2 potions of berserk rage
 m - 6 potions of curing
 I - 2 potions of agility
 O - a potion of brilliance
Comestibles
 f - 11 rations


   Skills:
 + Level 13.0 Fighting
 + Level 11.6 Short Blades
 + Level 11.6 Long Blades
 + Level 11.6 Axes
 + Level 12.3 Maces & Flails
 + Level 11.6 Polearms
 + Level 11.6 Staves
 + Level 11.6 Slings
 + Level 11.6 Bows
 + Level 11.6 Crossbows
 + Level 11.6 Throwing
 + Level 13.0 Armour
 + Level 11.6 Dodging
 + Level 11.6 Stealth
 + Level 13.0 Shields
 + Level 11.6 Unarmed Combat
 + Level 11.6 Spellcasting
 + Level 9.9 Conjurations
 + Level 9.9 Hexes
 + Level 9.9 Charms
 + Level 9.9 Summonings
 + Level 9.9 Necromancy
 + Level 9.9 Translocations
 + Level 9.9 Transmutations
 + Level 9.9 Fire Magic
 + Level 9.9 Ice Magic
 + Level 9.9 Air Magic
 + Level 9.9 Earth Magic
 + Level 9.9 Poison Magic
 + Level 12.5 Invocations
 + Level 11.6 Evocations


You had 34 spell levels left.
You didn't know any spells.
Your spell library was empty.

Dungeon Overview and Level Annotations

Branches:
Dungeon (1/1)

Altars:
Cheibriados
Dithmenos
Elyvilon
Fedhas
Gozag
Hepliaklqana
Kikubaaqudgha
Makhleb
Nemelex Xobeh
Okawaru
Qazlal
Ru
Sif Muna
Trog
Uskayaw
Vehumet
Wu Jian
Xom
Yredelemnul
Zin
The Shining One
Beogh
Jiyva
Lugonu

Shops:
D ?![(


Innate Abilities, Weirdness & Mutations

Your experience applies equally to all skills.
You have very sharp teeth.
Your uncanny sense of smell can sniff out nearby items.
You have large cloven feet.
You have supernaturally acute eyesight. (SInv)
Your flesh is cold resistant. (rC+)


Message History

You feel much better.
The vampire knight hits you with a war axe!
* * * LOW HITPOINT WARNING * * *
The vampire knight misses you. The vampire knight closely misses you.
The vampire knight misses you.
You feel much better.
The vampire knight completely misses you.
The vampire knight misses you.
Unknown command.
You closely miss the vampire knight.
The vampire knight is moderately damaged.
The vampire knight completely misses you.
The vampire knight misses you.
The vampire knight hits you with a war axe!!
* * * LOW HITPOINT WARNING * * *
The vampire knight bites you but does no damage.
You hit the vampire knight but do no damage.
The vampire knight is lightly damaged.
The vampire knight hits you with a war axe!
You die...

▓▓▓▓▓▓▓▓▓▓▓▓▓▓▓▓▓▓▓▓▓▓▓▓▓▓▓▓
..[[[[..)...(.(.@V().).†....
▓▓▓▓▓▓▓▓▓▓▓▓▓▓▓▓▓▓▓▓▓▓▓▓▓▓▓▓▓▓▓▓▓
..............[..................
▓▓▓▓▓▓▓▓▓▓▓▓▓▓▓▓▓▓▓▓▓▓▓▓▓▓▓▓▓▓▓▓▓
.'))).))).....'.))))∩)∩)∩.∩.....'
▓▓▓▓▓▓▓▓▓▓▓▓▓▓▓▓▓▓▓▓▓▓▓▓▓▓▓▓▓▓▓▓▓
.................................
▓▓▓▓▓▓▓▓▓▓▓▓▓▓▓▓▓▓▓▓▓▓▓▓▓▓▓▓▓▓▓▓▓
.....'.........'........?..['..[[


You could see a vampire knight (invisible).

Vanquished Creatures
  A vampire knight (D)
  Erolcha (D)
  An ogre mage (D)
  2 centaur warriors (D)
  A death knight (D)
  Urug (D)
  A deep troll shaman (D)
  6 orc high priests (D)
  2 ugly things (D)
  2 orc knights (D)
  An orc sorcerer (D)
  A cyclops (D)
  A gargoyle (D)
  6 spiny frogs (D)
  A komodo dragon (D)
  A rime drake (D)
  A tengu conjurer (D)
  A blink frog (D)
  A hippogriff (D)
  2 wyverns (D)
  3 yaks (D)
  A wraith (D)
  Grum (D)
  2 vampire mosquitoes (D)
  3 porcupines (D)
  9 orc warriors (D)
  An ice beast (D)
  A phantom (D)
  3 wolves (D)
  3 crocodiles (D)
  6 bullfrogs (D)
  A scorpion (D)
  A hound (D)
  11 orc priests (D)
  A jelly (D)
  A worker ant (D)
  5 orc wizards (D)
  3 adders (D)
  An adder skeleton (D)
  7 orcs (D)
  A bat (D)
  A giant cockroach (D)
  A goblin (D)
  2 kobolds (D)
  A bat simulacrum (D)
  A rat (D)
105 creatures vanquished.

Vanquished Creatures (others)
  A spatial maelstrom (D)
  A sky beast (D)
2 creatures vanquished.

Grand Total: 107 creatures vanquished

Notes
Turn   | Place    | Note
-------+----------+-------------------------------------------
     0 | D        | Lyco the Gnoll Fighter began the quest for the Orb.
     0 | D        | Reached XP level 1. HP: 23/23 MP: 1/1
     2 | D        | Banished a spatial maelstrom
    19 | D        | Reached skill level 1 in Invocations
    22 | D        | Reached skill level 1 in Short Blades
    22 | D        | Reached skill level 1 in Long Blades
    22 | D        | Reached skill level 1 in Axes
    22 | D        | Reached skill level 1 in Polearms
    22 | D        | Reached skill level 1 in Staves
    22 | D        | Reached skill level 1 in Slings
    22 | D        | Reached skill level 1 in Bows
    22 | D        | Reached skill level 1 in Crossbows
    22 | D        | Reached skill level 1 in Throwing
    22 | D        | Reached skill level 1 in Dodging
    22 | D        | Reached skill level 1 in Stealth
    22 | D        | Reached skill level 1 in Unarmed Combat
    22 | D        | Reached skill level 1 in Spellcasting
    22 | D        | Reached skill level 1 in Evocations
    77 | D        | Noticed an orc wizard
    77 | D        | Noticed a hound
    77 | D        | Noticed a scorpion
    86 | D        | Killed an orc wizard
    86 | D        | Reached skill level 1 in Conjurations
    86 | D        | Reached skill level 1 in Hexes
    86 | D        | Reached skill level 1 in Charms
    86 | D        | Reached skill level 1 in Summonings
    86 | D        | Reached skill level 1 in Necromancy
    86 | D        | Reached skill level 1 in Translocations
    86 | D        | Reached skill level 1 in Transmutations
    86 | D        | Reached skill level 1 in Fire Magic
    86 | D        | Reached skill level 1 in Ice Magic
    86 | D        | Reached skill level 1 in Air Magic
    86 | D        | Reached skill level 1 in Earth Magic
    86 | D        | Reached skill level 1 in Poison Magic
    86 | D        | Reached XP level 2. HP: 25/29 MP: 2/4
    86 | D        | Reached XP level 3. HP: 31/35 MP: 2/5
    92 | D        | Reached skill level 5 in Maces & Flails
    92 | D        | Reached XP level 4. HP: 36/43 MP: 2/7
   108 | D        | Reached XP level 5. HP: 35/48 MP: 4/9
   192 | D        | Found a roughly hewn altar of Beogh.
   192 | D        | Found a snail-covered altar of Cheibriados.
   192 | D        | Found a shadowy altar of Dithmenos.
   192 | D        | Found a white marble altar of Elyvilon.
   192 | D        | Found a blossoming altar of Fedhas.
   192 | D        | Found an opulent altar of Gozag.
   193 | D        | Found a hazy altar of Hepliaklqana.
   194 | D        | Found a viscous altar of Jiyva.
   195 | D        | Found an ancient bone altar of Kikubaaqudgha.
   196 | D        | Found a corrupted altar of Lugonu.
   197 | D        | Found a burning altar of Makhleb.
   198 | D        | Found a sparkling altar of Nemelex Xobeh.
   199 | D        | Found an iron altar of Okawaru.
   200 | D        | Found a stormy altar of Qazlal.
   201 | D        | Found a sacrificial altar of Ru.
   202 | D        | Found a deep blue altar of Sif Muna.
   203 | D        | Found a bloodstained altar of Trog.
   204 | D        | Found a hide-covered altar of Uskayaw.
   205 | D        | Found a radiant altar of Vehumet.
   206 | D        | Found an ornate altar of the Wu Jian Council.
   209 | D        | Found a shimmering altar of Xom.
   210 | D        | Found a basalt altar of Yredelemnul.
   211 | D        | Found a glowing silver altar of Zin.
   216 | D        | Found a glowing golden altar of the Shining One.
   260 | D        | Became a worshipper of Cheibriados the Contemplative
   426 | D        | Noticed an orc warrior
   426 | D        | Noticed an ice beast
   426 | D        | Noticed a hippogriff
   439 | D        | Killed an orc warrior
   443 | D        | Reached * piety under Cheibriados
   443 | D        | Reached XP level 6. HP: 46/56 MP: 9/12
   449 | D        | Reached ** piety under Cheibriados
   454 | D        | Killed an ice beast
   454 | D        | Reached skill level 5 in Invocations
   464 | D        | Killed a hippogriff
   464 | D        | Reached skill level 5 in Short Blades
   464 | D        | Reached skill level 5 in Long Blades
   464 | D        | Reached skill level 5 in Axes
   464 | D        | Reached skill level 5 in Polearms
   464 | D        | Reached skill level 5 in Staves
   464 | D        | Reached skill level 5 in Slings
   464 | D        | Reached skill level 5 in Bows
   464 | D        | Reached skill level 5 in Crossbows
   464 | D        | Reached skill level 5 in Throwing
   464 | D        | Reached skill level 5 in Dodging
   464 | D        | Reached skill level 5 in Stealth
   464 | D        | Reached skill level 5 in Unarmed Combat
   464 | D        | Reached skill level 5 in Spellcasting
   464 | D        | Reached skill level 5 in Evocations
   464 | D        | Reached XP level 7. HP: 21/63 MP: 12/14
   783 | D        | Noticed a cyclops
   789 | D        | Reached *** piety under Cheibriados
   802 | D        | Killed a cyclops
   802 | D        | Reached skill level 5 in Conjurations
   802 | D        | Reached skill level 5 in Hexes
   802 | D        | Reached skill level 5 in Charms
   802 | D        | Reached skill level 5 in Summonings
   802 | D        | Reached skill level 5 in Necromancy
   802 | D        | Reached skill level 5 in Translocations
   802 | D        | Reached skill level 5 in Transmutations
   802 | D        | Reached skill level 5 in Fire Magic
   802 | D        | Reached skill level 5 in Ice Magic
   802 | D        | Reached skill level 5 in Air Magic
   802 | D        | Reached skill level 5 in Earth Magic
   802 | D        | Reached skill level 5 in Poison Magic
   802 | D        | Reached XP level 8. HP: 56/71 MP: 15/17
   803 | D        | Reached **** piety under Cheibriados
   981 | D        | Gained mutation: Your flesh is cold resistant. (rC+) [potion of mutation]
   981 | D        | Gained mutation: You have large cloven feet. [potion of mutation]
   981 | D        | Gained mutation: You have supernaturally acute eyesight. (SInv) [potion of mutation]
   996 | D        | Noticed a spiny frog
   996 | D        | Noticed a komodo dragon
  1008 | D        | Killed a spiny frog
  1008 | D        | Reached ***** piety under Cheibriados
  1015 | D        | Reached XP level 9. HP: 63/77 MP: 19/19
  1021 | D        | Killed a komodo dragon
  1022 | D        | Noticed a spiny frog
  1035 | D        | Killed a spiny frog
  1035 | D        | Reached skill level 10 in Fighting
  1035 | D        | Reached skill level 10 in Armour
  1035 | D        | Reached skill level 10 in Shields
  1086 | D        | Noticed a rime drake
  1087 | D        | Reached ****** piety under Cheibriados
  1106 | D        | Killed a rime drake
  1106 | D        | Reached XP level 10. HP: 68/86 MP: 22/22
  1217 | D        | Noticed a spiny frog
  1217 | D        | Noticed a spiny frog
  1217 | D        | Noticed a spiny frog
  1220 | D        | Killed a spiny frog
  1223 | D        | Noticed a spiny frog
  1224 | D        | Killed a spiny frog
  1226 | D        | Killed a spiny frog
  1233 | D        | Reached skill level 10 in Maces & Flails
  1241 | D        | Killed a spiny frog
  1683 | D        | Noticed an orc knight
  1697 | D        | Killed an orc knight
  1697 | D        | Reached skill level 10 in Invocations
  1763 | D        | Noticed an orc knight
  1774 | D        | Noticed an orc sorcerer
  1774 | D        | Noticed an orc high priest
  1777 | D        | Killed an orc knight
  1777 | D        | Reached XP level 11. HP: 93/93 MP: 24/24
  1780 | D        | Noticed a sixfirhy
  1781 | D        | Killed an orc sorcerer
  1794 | D        | Noticed a soul eater
  1794 | D        | Killed an orc high priest
  1942 | D        | Found Bosuarum's Magic Scroll Emporium.
  1942 | D        | Noticed an orc high priest
  1943 | D        | Noticed an orc high priest
  1945 | D        | Found Lux Fimu's Distillery.
  1950 | D        | Noticed an orc high priest
  1955 | D        | Killed an orc high priest
  1955 | D        | Reached skill level 10 in Short Blades
  1955 | D        | Reached skill level 10 in Long Blades
  1955 | D        | Reached skill level 10 in Axes
  1955 | D        | Reached skill level 10 in Polearms
  1955 | D        | Reached skill level 10 in Staves
  1955 | D        | Reached skill level 10 in Slings
  1955 | D        | Reached skill level 10 in Bows
  1955 | D        | Reached skill level 10 in Crossbows
  1955 | D        | Reached skill level 10 in Throwing
  1955 | D        | Reached skill level 10 in Dodging
  1955 | D        | Reached skill level 10 in Stealth
  1955 | D        | Reached skill level 10 in Unarmed Combat
  1955 | D        | Reached skill level 10 in Spellcasting
  1955 | D        | Reached skill level 10 in Evocations
  1956 | D        | Found Vuusuoty's Armour Emporium.
  1958 | D        | Noticed a sun demon
  1964 | D        | Noticed an orc high priest
  1970 | D        | Killed an orc high priest
  1971 | D        | Found Nilypp's Weapon Shoppe.
  1975 | D        | Noticed an orc high priest
  1976 | D        | Killed an orc high priest
  1984 | D        | Killed an orc high priest
  1989 | D        | Was placed under penance by Cheibriados
  1997 | D        | Killed an orc high priest
  1997 | D        | Was forgiven by Cheibriados
  2291 | D        | Bought a potion of heal wounds for 60 gold pieces
  2291 | D        | Bought a potion of curing for 36 gold pieces
  2293 | D        | Bought the +3 crown of Dyrovepreva {rElec Int+2 SInv} for 538 gold pieces
  2293 | D        | Found the +3 crown of Dyrovepreva {rElec Int+2 SInv}
  2350 | D        | Noticed Urug
  2356 | D        | Killed Urug
  2427 | D        | Noticed Erolcha
  2435 | D        | Killed Erolcha
  2504 | D        | Noticed Grum
  2510 | D        | Killed Grum
  2697 | D        | Noticed a brown ugly thing
  2697 | D        | Noticed a death knight
  2703 | D        | Reached XP level 12. HP: 101/103 MP: 26/26
  2708 | D        | Noticed a centaur warrior
  2710 | D        | Noticed a vampire knight
  2713 | D        | Noticed a centaur warrior
  2716 | D        | Noticed a deep troll shaman
  2728 | D        | Killed a death knight
  2736 | D        | Killed a centaur warrior
  2743 | D        | Noticed an ogre mage
  2744 | D        | Killed a centaur warrior
  2744 | D        | Killed a deep troll shaman
  2745 | D        | Killed a vampire knight
  2746 | D        | Paralysed by an ogre mage for 3 turns
  2749 | D        | Killed an ogre mage
  2768 | D        | Noticed a vampire knight
  2783 | D        | HP: 2/105 [vampire knight/war axe (10)]
  2787 | D        | Slain by a vampire knight

Skill      XL: |  1  2  3  4  5  6  7  8  9 10 11 12 |
---------------+-------------------------------------+-----
Invocations    | 2 3 4 5 6 7 9 10 11 12 | 12.5
Short Blades   | 1 2 3 4 5 6 7 8 9 10 11 | 11.6
Long Blades    | 1 2 3 4 5 6 7 8 9 10 11 | 11.6
Axes           | 1 2 3 4 5 6 7 8 9 10 11 | 11.6
Polearms       | 1 2 3 4 5 6 7 8 9 10 11 | 11.6
Staves         | 1 2 3 4 5 6 7 8 9 10 11 | 11.6
Slings         | 1 2 3 4 5 6 7 8 9 10 11 | 11.6
Bows           | 1 2 3 4 5 6 7 8 9 10 11 | 11.6
Crossbows      | 1 2 3 4 5 6 7 8 9 10 11 | 11.6
Throwing       | 1 2 3 4 5 6 7 8 9 10 11 | 11.6
Dodging        | 1 2 3 4 5 6 7 8 9 10 11 | 11.6
Stealth        | 1 2 3 4 5 6 7 8 9 10 11 | 11.6
Unarmed Combat | 1 2 3 4 5 6 7 8 9 10 11 | 11.6
Spellcasting   | 1 2 3 4 5 6 7 8 9 10 11 | 11.6
Evocations     | 1 2 3 4 5 6 7 8 9 10 11 | 11.6
Conjurations   | 1 2 3 4 5 6 7 9 |  9.9
Hexes          | 1 2 3 4 5 6 7 9 |  9.9
Charms         | 1 2 3 4 5 6 7 9 |  9.9
Summonings     | 1 2 3 4 5 6 7 9 |  9.9
Necromancy     | 1 2 3 4 5 6 7 9 |  9.9
Translocations | 1 2 3 4 5 6 7 9 |  9.9
Transmutations | 1 2 3 4 5 6 7 9 |  9.9
Fire Magic     | 1 2 3 4 5 6 7 9 |  9.9
Ice Magic      | 1 2 3 4 5 6 7 9 |  9.9
Air Magic      | 1 2 3 4 5 6 7 9 |  9.9
Earth Magic    | 1 2 3 4 5 6 7 9 |  9.9
Poison Magic   | 1 2 3 4 5 6 7 9 |  9.9
Fighting       | 7 8 9 10 11 12 13 | 13.0
Maces & Flails | 5 6 7 8 9 10 11 12 | 12.3
Armour         | 7 8 9 10 11 12 13 | 13.0
Shields        | 7 8 9 10 11 12 13 | 13.0

Action                   |  1- 3 |  4- 6 |  7- 9 | 10-12 || total
-------------------------+-------+-------+-------+-------++-------
Melee: Flail             |    31 |    15 |       |       ||    46
       Bite              |     1 |    11 |    21 |    38 ||    71
       Morningstar       |       |    38 |    77 |   154 ||   269
       Kick              |       |       |    35 |    75 ||   110
       Dire flail        |       |       |       |    57 ||    57
Throw: Javelin           |       |       |       |     2 ||     2
Invok: Slouch            |       |       |       |     6 ||     6
  Use: Potion            |       |     1 |     1 |     9 ||    11
       Scroll            |       |       |     4 |       ||     4
 Stab: Sleeping          |       |       |     2 |     4 ||     6
  Eat: Chunk             |       |       |       |     3 ||     3
Armor: Scale mail        |    11 |     4 |       |       ||    15
       Ring mail         |       |    19 |    12 |    14 ||    45
       Fire dragon scale |       |       |       |    13 ||    13
Dodge: Dodged            |    14 |    17 |    33 |   108 ||   172
Block: Shield            |     8 |    32 |    40 |   135 ||   215
